 Dungeon Crawl Stone Soup version 0.32-a0-999-gfa1cc04b1d (webtiles) character file.

Game seed: 5577896246424747447

237 Fodor the Covered (level 5, -1/47 HPs)
             Began as a Minotaur Fighter on Apr 25, 2024.
             Killed by Olgreb's Toxic Radiance
             ... invoked by jamsaran's ghost
              (3 damage)
             ... on level 3 of the Dungeon.
             The game lasted 00:05:02 (1741 turns).

Fodor the Covered (Minotaur Fighter)                Turns: 1741, Time: 00:05:03

Health: -1/47      AC:  9    Str: 23    XL:     5   Next: 77%
Magic:  4/4        EV:  7    Int:  5    God:
Gold:   228        SH:  4    Dex:  9    Spells: 4/4 levels left

rFire   . . .        a - +0 war axe
rCold   . . .        c - +0 buckler
rNeg    . . .        b - +0 chain mail
rPois   .            (helmet restricted)
rElec   .            (no cloak)
rCorr   .            (no gloves)
SInv    .            (no boots)
Will    +....        (no amulet) Stlth
                     g - ring of willpower
HPRegen 0.27/turn    (no ring)
MPRegen 0.09/turn

%: no passive effects
@: lethally poisoned (-1 -> -25)
A: horns 2, retaliatory headbutt
a: no special abilities


You were on level 3 of the Dungeon.
You visited 1 branch of the dungeon, and saw 3 of its levels.

You collected 228 gold pieces.

Inventory:

Hand Weapons
 a - a +0 war axe (weapon)
Missiles
 j - 3 poisoned darts (quivered)
Armour
 b - a +0 chain mail (worn)
 c - a +0 buckler (worn)
Jewellery
 g - a ring of willpower (left hand)
 l - a ring of fire
Scrolls
 e - 4 scrolls of identify {unknown}
 f - a scroll of torment {unknown}
 i - a scroll of enchant weapon {unknown}
 n - a scroll of amnesia {unknown}
 o - a scroll of acquirement {unknown}
 p - 2 scrolls of enchant armour {unknown}
Potions
 d - 3 potions of might
 h - 2 potions of mutation {unknown}
 k - a potion of lignification {unknown}
 m - a potion of curing {unknown}


   Skills:
 + Level 4.8 Fighting
 + Level 4.8 Axes
 + Level 0.8 Throwing
 + Level 4.9 Armour
 + Level 0.6 Dodging
 + Level 0.7 Stealth
 + Level 4.1 Shields


You had 4 spell levels left.
You didn't know any spells.
Your spell library contained the following spells:

 Spells                   Type           Power      Damage    Failure   Level
 Apportation              Tloc           0%         N/A       98%         1
 Necrotise                Necr           0%         1d4       98%         1
 Sting                    Conj/Alch      0%         1d3       98%         1
 Summon Small Mammal      Summ           0%         N/A       98%         1


Dungeon Overview and Level Annotations

Branches:
Dungeon (3/15)

Altars:
Gozag

Annotations:
D:3 jamsaran's ghost, amateur DgAl


Innate Abilities, Weirdness & Mutations

You have a pair of horns on your head.
You reflexively headbutt those who attack you in melee.


Message History

You kill the rat!
The bullfrog croaks.
You open the gate. The bullfrog barely misses you. You furiously retaliate!
You headbutt the bullfrog, but do no damage.
You block the bullfrog's attack.
Jamsaran's ghost attacks as it pursues you!
Jamsaran's ghost barely misses you. You furiously retaliate!
You headbutt jamsaran's ghost!
Jamsaran's ghost casts a spell.
Jamsaran's ghost begins to radiate toxic energy.
You are poisoned.
The bullfrog hits you.
You closely miss the bullfrog. You headbutt the bullfrog.
The bullfrog is lightly wounded.
You feel very sick.
You are more poisoned.
The bullfrog hits you. The bullfrog closely misses you.
You furiously retaliate!
You headbutt the bullfrog! You slash the bullfrog!
You kill the bullfrog!
You slash jamsaran's ghost!
You feel very sick.
You are more poisoned.
You are lethally poisoned!
Jamsaran's ghost barely misses you.
The quokka bites you but does no damage.
Jamsaran's ghost points at you and mumbles some strange words.
The sting misses you.
You closely miss the quokka. You slash jamsaran's ghost!
You feel very sick.
* * * LOW HITPOINT WARNING * * *
You are more poisoned.
The quokka barely misses you.
Jamsaran's ghost points at you and mumbles some strange words.
The sting hits you but does no damage.
You are more poisoned.
You slash the quokka!
You kill the quokka!
You hit jamsaran's ghost.
* * * LOW HITPOINT WARNING * * *
You feel extremely sick.
You die...

########### #.........#
#.........#
########.........#
####......#.........#
#.....W.#.#.........#
#.....†@#.#.........#
###'''##............#
##.$...####.†.......#
### #∩$$_.$. #...).....#
..# #ß.$ß.$ß#
###...##### #.#
#..$..$∩# ###.### #.###
####$ß∩ß.## #...#
#...####..##########.###
###...#..## #....#


You could see jamsaran's ghost (toxic aura).

Vanquished Creatures
  A bullfrog (D:3)
  A scorpion (D:3)
  Natasha (twice) (D:2)
  Robin (D:3)
  2 adders
  3 ball pythons
  2 endoplasms
  4 giant cockroaches
  10 goblins (D:3)
  4 hobgoblins
  2 quokkas (D:3)
  3 bats
  3 frilled lizards
  6 kobolds
  2 rats (D:3)
46 creatures vanquished.

Notes
Turn   | Place    | Note
-------+----------+-------------------------------------------
     0 | D:1      | Fodor the Minotaur Fighter began the quest for the Orb.
     0 | D:1      | Reached XP level 1. HP: 19/19 MP: 0/0
   679 | D:2      | Reached XP level 2. HP: 27/27 MP: 1/1
   686 | D:2      | Noticed Natasha
   694 | D:2      | Killed Natasha
   695 | D:2      | Reached XP level 3. HP: 24/33 MP: 2/2
   699 | D:2      | Noticed Natasha
   707 | D:2      | Killed Natasha
   903 | D:2      | Reached XP level 4. HP: 41/41 MP: 3/3
  1333 | D:3      | Noticed Robin
  1353 | D:3      | Killed Robin
  1507 | D:3      | Noticed a scorpion
  1515 | D:3      | Killed a scorpion
  1516 | D:3      | Reached XP level 5. HP: 41/47 MP: 4/4
  1669 | D:3      | Found a runed translucent gate.
  1669 | D:3      | Found a runed translucent gate.
  1671 | D:3      | Found a runed translucent gate.
  1672 | D:3      | Found an opulent altar of Gozag.
  1674 | D:3      | Noticed jamsaran's ghost (amateur DgAl)
  1741 | D:3      | HP: 2/47 [poisoned by jamsaran's ghost (sting)]
  1741 | D:3      | Killed from afar by jamsaran's ghost

Illustrated notes

Levels and vault maps discovered:
D:1:      erik_arrival_orb_chamber, layout_loops_ring
D:2:      layout_basic, uniq_natasha
D:3:      layout_rooms, ebering_ghost_gozag, uniq_robin

Skill      XL: |  1  2  3  4 |
---------------+-------------+-----
Armour         | 4 |  4.9
Fighting       | 4 |  4.8
Axes           | 3 4 |  4.8
Shields        | 4 |  4.1
Throwing       | |  0.8
Dodging        | |  0.6
Stealth        | |  0.7

Action                     |  1- 3 |  4- 6 || total
---------------------------+-------+-------++-------
  Melee: War axe           |    32 |    39 ||    71
         Headbutt          |     7 |     8 ||    15
  Throw: Dart              |     8 |       ||     8
 Armour: Scale mail        |    16 |       ||    16
         Chain mail        |    11 |    48 ||    59
  Dodge: Dodged            |    15 |    32 ||    47
  Block: Buckler           |     5 |    12 ||    17

Table legend: (Time is in decaauts)
 A = Elapsed time spent in this place.
 B = Non-inter-level travel time spent in this place.
 C = Inter-level travel time spent in this place.
 D = Time resting spent in this place.
 E = Time spent auto-exploring this place.
 F = Levels seen in this place.
 G = Mean time per level.
                   A        B        C        D        E       F      G
               +--------+--------+--------+--------+--------+-----+--------+
         Total |   1765 |   1729 |     36 |      3 |   1285 |   3 |  588.3 |
       Dungeon |   1765 |   1729 |     36 |      3 |   1285 |   3 |  588.3 |
               +--------+--------+--------+--------+--------+-----+--------+

Top non-repeatable levels by time:
     D:2: 766 daAuts
     D:1: 561 daAuts
     D:3: 438 daAuts
